Map: Protocole central

Players

Worming

  • Race: Zerg Zerg
  • League: Platinum

Hektor - Winner!

  • Race: Terran Terran
  • League: Gold

VOD

Have the link to the VOD?

Description

Time

  • Played on: Nov. 11, 2015, 2:17 p.m.
  • Length: 12:05
Show
View Real Time Build Order
Export as new Build Order

Worming Zerg 

Build Orders: Hatch First, Muta Ling Bane 

Get SALT Encoding   

  12  0:01  Drone  
  13  0:12  Overlord  
  13  0:17  Drone  
  14  0:30  Drone x2  
  14  0:35  Drone  
  17  0:53  Hatchery  
  16  0:58  Drone  
  16  0:59  Drone  
  18  1:12  Spawning Pool  
  18  1:17  Drone x2  
  19  1:29  Overlord  
  19  1:39  Extractor  
  18  1:52  Drone x2  
  20  2:00  Hatchery  
  19  2:05  Queen  
  21  2:08  Drone  
  21  2:11  Zergling x2  
  21  2:13  Zergling x2  
  24  2:27  Drone  
  24  2:28  Drone x2  
  26  2:40  Queen  
  26  2:41  Metabolic Boost  
  28  2:48  Extractor  
  27  2:55  Zergling x2  
  27  2:56  Zergling x4  
  31  3:00  Drone, Overlord  
  31  3:02  Overlord  
  32  3:11  Overlord x2  
  32  3:22  Drone x5  
  37  3:30  Drone  
  37  3:31  Queen  
  40  3:34  Drone  
  41  3:42  Drone x4  
  45  3:51  Drone x3  
  45  3:53  Drone  
  45  4:09  Zergling x8  
  49  4:12  Drone x4  
  49  4:15  Queen  
  55  4:19  Overlord  
  55  4:23  Drone x2  
  57  4:24  Drone  
  57  4:28  Extractor x2  
  56  4:44  Overlord x2  
  56  4:46  Drone x9  
  56  4:49  Extractor  
  60  4:59  Baneling Nest  
  59  5:02  Drone x3  
  59  5:05  Zergling x2  
  59  5:06  Zergling x10  
  68  5:19  Overlord  
  68  5:20  Overlord  
  68  5:21  Zergling x2  
  69  5:31  Drone  
  69  5:32  Lair  
  69  5:35  Extractor  
  69  5:36  Drone  
  69  5:37  Drone x2  
  69  5:38  Roach Warren  
  69  5:41  Drone  
  69  5:42  Drone x2  
  74  5:54  Overlord  
  74  5:55  Overlord  
  74  5:59  Drone x2  
  74  6:00  Hatchery  
  74  6:01  Zergling x10  
  80  6:04  Baneling  
  80  6:05  Baneling x6  
  80  6:11  Overlord  
  80  6:14  Queen  
  82  6:22  Overlord  
  82  6:23  Overlord  
  82  6:35  Spire  
  81  6:42  Centrifical Hooks  
  81  6:43  Roach  
  81  6:44  Roach x10  
  103  6:47  Baneling x7  
  103  6:51  Zergling x4  
  105  7:04  Zergling x2  
  105  7:05  Zergling x16  
  105  7:07  Ravager x3  
  117  7:09  Ravager x4  
  117  7:14  Zergling x6  
  124  7:15  Overlord  
  124  7:21  Extractor  
  124  7:22  Drone x3  
  106  7:48  Drone  
  106  7:49  Drone x2, Zergling x2  
  106  7:50  Zergling x18, Evolution Chamber  
  118  7:53  Evolution Chamber  
  118  7:54  Zerg Flyer Weapons Level 1  
  117  8:01  Glial Reconstitution  
  117  8:04  Mutalisk  
  117  8:05  Mutalisk x5  
  119  8:07  Zergling x2  
  119  8:08  Zergling x10  
  135  8:17  Overlord  
  91  8:44  Baneling x4  
  91  8:45  Baneling x7  
  91  8:47  Zergling x8  
  91  8:48  Zergling x30, Hydralisk Den  
  110  8:49  Mutalisk x4  
  110  8:54  Zerg Missile Weapons Level 1  
  117  9:03  Zergling x12  
  117  9:05  Zerg Ground Armor Level 1  
  117  9:08  Hatchery  
  85  9:33  Roach  
  85  9:34  Roach x9, Hydralisk x3  
  85  9:35  Hydralisk x2  
  95  10:02  Zergling x2  
  95  10:03  Zergling x20  
  106  10:07  Queen  
  106  10:12  Queen  
  106  10:14  Zergling x16  
  112  10:21  Muscular Augments  
  73  10:38  Zergling x24, Extractor x2  
  73  10:39  Zergling x2, Roach  
  76  10:49  Queen  
  76  10:55  Zergling x2, Roach x4  
  76  10:56  Roach  
  81  11:03  Hydralisk x3  
  76  11:11  Baneling x4  
  73  11:12  Baneling, Roach Warren  
  73  11:14  Roach x3  
  73  11:20  Zergling x2  
  57  11:46  Roach  
  77  11:56  Ravager x2  
  77  11:57  Ravager  
Show
View Real Time Build Order
Export as new Build Order

Hektor Terran - Winner!

Build Orders: Reaper Expand, MMM Bio 

Get SALT Encoding   

  12  0:00  SCV  
  13  0:15  Supply Depot  
  13  0:21  SCV  
  14  0:33  SCV  
  15  0:41  Barracks  
  15  0:45  Refinery, SCV  
  16  0:57  SCV  
  17  1:09  SCV  
  18  1:22  SCV  
  19  1:28  Reaper  
  20  1:34  Orbital Command  
  20  1:44  Command Center  
  20  1:58  Supply Depot  
  20  1:59  SCV  
  21  2:02  Barracks Reactor  
  21  2:11  SCV  
  22  2:23  Factory  
  22  2:27  Barracks  
  22  2:30  Barracks  
  22  2:39  Marine x2, SCV  
  25  2:51  SCV  
  26  2:57  Marine x2  
  28  3:00  Orbital Command  
  28  3:03  SCV  
  29  3:08  Factory Tech Lab  
  29  3:14  Refinery  
  29  3:15  SCV  
  29  3:18  Barracks Tech Lab  
  30  3:22  Barracks Tech Lab  
  30  3:26  SCV  
  31  3:27  SCV  
  32  3:38  Stimpack, SCV  
  32  3:39  SCV  
  34  3:42  Marine x4  
  38  3:49  Refinery  
  38  3:50  SCV  
  38  3:51  SCV  
  38  3:53  Combat Shields  
  40  4:01  Marine x4  
  40  4:02  SCV  
  42  4:03  SCV  
  42  4:08  Bunker  
  43  4:15  SCV x2  
  43  4:16  Starport  
  45  4:19  Marine  
  46  4:35  SCV x2, Supply Depot, Marine x3  
  46  4:37  Supply Depot, Marine  
  52  4:48  SCV  
  53  4:57  Siege Tank  
  56  5:02  Supply Depot x2  
  56  5:07  Engineering Bay x2, Marine, Marauder x2  
  60  5:08  Starport Reactor  
  60  5:11  SCV  
  60  5:13  SCV  
  63  5:15  Concussive Shells  
  63  5:23  SCV  
  63  5:26  SCV  
  65  5:32  Terran Infantry Weapons Level 1  
  65  5:33  Terran Infantry Armor Level 1  
  65  5:35  SCV  
  66  5:36  Supply Depot  
  66  5:37  Supply Depot  
  66  5:44  Medivac  
  66  5:45  Medivac  
  66  5:46  Marauder  
  66  5:47  Marauder  
  66  5:48  SCV  
  75  5:54  SCV  
  76  5:58  Siege Tank  
  76  6:00  SCV  
  76  6:04  Supply Depot x2  
  80  6:06  SCV  
  81  6:12  SCV  
  81  6:13  Marine  
  81  6:14  Medivac, Marine x3  
  88  6:28  Command Center  
  88  6:31  Marine  
  88  6:32  Marine, Marauder x2  
  94  6:36  Supply Depot  
  94  6:39  Liberator x2, Supply Depot  
  100  7:10  Barracks  
  100  7:12  Barracks  
  100  7:13  Armory  
  100  7:14  Supply Depot  
  100  7:15  Supply Depot  
  100  7:17  Marine x4  
  104  7:34  Marine  
  104  7:35  Marine x2  
  94  7:45  Marine  
  95  7:52  Marine  
  95  7:53  Orbital Command, Marine x2  
  95  7:57  Supply Depot  
  98  7:59  Supply Depot  
  98  8:03  Marine  
  98  8:04  Infernal Pre-Igniter  
  99  8:07  Barracks Reactor x2  
  99  8:10  SCV, Marine x2  
  99  8:11  Marauder, SCV  
  104  8:21  Marine  
  104  8:23  SCV x2  
  101  8:28  Marine  
  101  8:31  Marine  
  101  8:32  Marauder  
  103  8:39  Marauder  
  104  8:44  Thor  
  104  8:46  Marine  
  111  8:48  Terran Infantry Weapons Level 2  
  111  8:49  Marine  
  111  8:52  Missile Turret  
  111  8:54  Missile Turret, Marauder  
  114  8:57  Liberator  
  114  8:58  Liberator, Missile Turret  
  114  8:59  Missile Turret  
  114  9:00  Marauder  
  116  9:04  Marine  
  116  9:07  Marine  
  103  9:37  Marine x6  
  103  9:38  Marine x2  
  103  9:55  Marine x7  
  103  9:57  Medivac x2  
  102  10:13  Marine x8  
  101  10:30  Marine  
  101  10:31  Marine x7  
  92  10:48  Marine x2  
  92  10:49  Orbital Command, Marauder, Marine x5  
  94  11:06  Marine x3  
  94  11:11  Marauder  
  98  11:24  Marauder  
  98  11:25  Hellbat  
  102  11:27  Medivac x2  
  102  11:32  Marauder  
  99  11:44  Marine x5  
  99  11:45  Marine  
Tags
 
Add a new tag
Caveats
  • Supply blocks, unpowered buildings, or Contaminate may cause inaccurate times.
  • Supply counts are checked every 10 seconds.